 Dungeon Crawl Stone Soup version 0.31-a0-229-g1fc7ce93e2 (webtiles) character file.

Game seed: 3285116458833519150

4347 qw the Skirmisher (level 10, -6/88 HPs)
             Began as a Minotaur Hexslinger on July 6, 2023.
             Was a Believer of Okawaru.
             Mangled by a white ugly thing (24 damage)
             ... on level 7 of the Dungeon.
             The game lasted 00:02:18 (5997 turns).

qw the Skirmisher (Minotaur Hexslinger)             Turns: 5997, Time: 00:02:18

Health: -6/88      AC:  9    Str: 13    XL:     10   Next: 12%
Magic:  11/12      EV: 16    Int: 15    God:    Okawaru [**....]
Gold:   57         SH:  0    Dex: 17    Spells: 10/11 levels left

rFire   . . .        a - +8 orcbow of the Glimmering Seer {freeze, rPois Will+ Int+5}
rCold   . . .        (shield currently unavailable)
rNeg    + . .        j - +0 ring mail
rPois   +            (helmet restricted)
rElec   .            i - +0 cloak
rCorr   .            (no gloves)
SInv    +            r - +0 pair of boots
Will    +....        b - amulet of the acrobat
Stlth   ++           g - ring "Hofuwil" {rN+ SInv}
HPRegen 0.34/turn    (no ring)
MPRegen 0.13/turn

%: acrobat
@: heroic
A: horns 2, retaliatory headbutt
a: Renounce Religion, Heroism


You were on level 7 of the Dungeon.
You worshipped Okawaru.
Okawaru was pleased with you.
You visited 1 branch of the dungeon, and saw 7 of its levels.

You collected 411 gold pieces.
You spent 354 gold pieces at shops.


Innate Abilities, Weirdness & Mutations

You have a pair of horns on your head.
You reflexively headbutt those who attack you in melee.


   Skills:
 - Level 8.0(13.0) Fighting
 + Level 12.0(17.0) Ranged Weapons
 - Level 4.0(9.0) Armour
 - Level 5.7(10.7) Dodging
 - Level 1.0 Spellcasting
 - Level 2.0 Hexes
 - Level 4.1 Invocations


You had 10 spell levels left.
You knew the following spells:

 Your Spells              Type           Power      Damage    Failure   Level
a - Slow                  Hex            24%        N/A       21%         1

Your spell library contained the following spells:

 Spells                   Type           Power      Damage    Failure   Level
 Inner Flame              Hex/Fire       3%         N/A       65%         3
 Portal Projectile        Hex/Tloc       6%         N/A       65%         3
 Cause Fear               Hex            3%         N/A       89%         4

Inventory:

Hand Weapons
 a - the +8 orcbow of the Glimmering Seer (weapon) {freeze, rPois Will+ Int+5}
   (You acquired it on level 2 of the Dungeon)

   Int:       It affects your intelligence (+5).
   rPois:     It protects you from poison.
   Will:      It increases your willpower.
Armour
 i - a +0 cloak (worn)
 j - a +0 ring mail (worn)
 r - a +0 pair of boots (worn)
 s - the +0 ring mail "Bamuh" {Fly Int+4}
   (You bought it in a shop on level 7 of the Dungeon)

   Int:       It affects your intelligence (+4).
   Fly:       It grants you flight.
Jewellery
 b - an amulet of the acrobat (around neck)
 g - the ring "Hofuwil" (left hand) {rN+ SInv}
   (You found it on level 2 of the Dungeon)

   [ring of see invisible]

   rN:        It protects you from negative energy.
   SInv:      It lets you see invisible.
Wands
 q - a wand of digging (8)
 t - a wand of acid (4)
Scrolls
 c - a scroll of teleportation {unknown}
 f - a scroll of identify
 l - 2 scrolls of vulnerability {unknown}
 v - a scroll of torment {unknown}
Potions
 d - 6 potions of curing
 e - 4 potions of haste
 h - a potion of enlightenment
 k - a potion of might
 m - a potion of mutation
 n - a potion of cancellation
 o - a potion of experience {unknown}
 p - a potion of attraction {unknown}
 u - a potion of brilliance {unknown}

Dungeon Overview and Level Annotations

Branches:
Dungeon (7/15)             Temple (0/1) D:5

Altars:
Elyvilon
Okawaru
Ru
Trog

Shops:
D:7 *

Annotations:
D:6 1 runed translucent door, Crazy Yiuf


Message History

You shoot an arrow.
The arrow closely misses the acid dragon.
The bullfrog croaks.
You hear a loud, deep croak!
The acid dragon spits acid at you. The splash of acid hits you!!
A slime creature comes into view.
A bullfrog comes into view.
The slime creature quivers.
5989 ||| INVOKING Heroism.
You gain the combat prowess of a mighty hero.
The acid dragon bites you.
The acid dragon claws you but does no damage.
You shoot an arrow. The arrow hits the acid dragon!
The arrow freezes the acid dragon.
The acid dragon is severely wounded.
The acid dragon barely misses you. x2
You shoot an arrow. The arrow hits the acid dragon.
The arrow freezes the acid dragon.
The acid dragon is severely wounded.
You shoot an arrow. The arrow hits the white ugly thing.
The white ugly thing is lightly wounded.
You shoot an arrow. The arrow hits the white ugly thing.
The arrow freezes the white ugly thing.
The white ugly thing is lightly wounded.
The white ugly thing kicks you. The white ugly thing freezes you!!
You shoot an arrow. The arrow hits the white ugly thing!
The white ugly thing is moderately wounded.
The white ugly thing barely misses you.
You shoot an arrow. The arrow hits the white ugly thing.
The arrow freezes the white ugly thing.
The white ugly thing is moderately wounded.
The white ugly thing barely misses you.
You shoot an arrow.
The arrow closely misses the white ugly thing.
The arrow closely misses the acid dragon.
You shoot an arrow. The arrow hits the white ugly thing.
The arrow freezes the white ugly thing.
The white ugly thing is heavily wounded.
The white ugly thing kicks you! The white ugly thing freezes you!!
You die...

.#. #.....##..##.... #.# ##.#
#.#####.##..#.... ... .#.#.
#!|?##.##...... ..#
##...##u.!..##.#...... ..#
....#DC.(u. #.#...... ..##
#.oF..C$!) ##....... ...## .#.#.
#DJ# #.#...... ....## .#..####u##
##.#...... .....###.....###@##
##.##...... ...#...# .....
##.#####.##....... >..#..###
...#####.....##..#.....
.....###:##.##.#####.###..##.##<.
.....#.##.#.#.##.#.......######..
....)#..##...##..#...........##..
.....%.....#........##.......#...
.....#..##.(.##..#.##............
#....#.##.#.#.##.####...........#


You could see a white ugly thing, a slime creature, an acid dragon and an orc.

Vanquished Creatures
  A deep elf pyromancer (D:7)
  Pikel (D:5)
  Prince Ribbit (D:6)
  Eustachio (D:4)
  A wyvern (D:7)
  Menkaure (D:7)
  Edmund (D:4)
  Duvessa (D:5)
  An orc warrior (D:6)
  3 black bears
  An ice beast (D:5)
  2 ogres (D:6)
  5 centaurs
  A phantom (D:6)
  A lemure (D:5)
  A kobold brigand (D:6)
  2 bullfrogs (D:6)
  4 scorpions
  Dowan (D:5)
  A howler monkey (D:6)
  6 hounds
  2 jellies
  4 orc priests
  A gnoll bouda (D:6)
  Ijyb (D:5)
  9 iguanas
  3 orc wizards
  Robin (D:4)
  4 gnolls (D:6)
  6 adders
  3 shadow imps
  3 white imps
  3 ufetubi
  2 worms (D:3)
  3 dart slugs
  20 orcs
  8 ball pythons
  7 endoplasms
  3 giant cockroaches
  17 goblins
  7 hobgoblins
  4 quokkas
  3 bats
  5 frilled lizards
  9 kobolds
  4 rats
169 creatures vanquished.

Notes
Turn   | Place    | Note
-------+----------+-------------------------------------------
     0 | D:1      | qw the Minotaur Hexslinger began the quest for the Orb.
     0 | D:1      | Reached XP level 1. HP: 16/16 MP: 1/1
     0 | D:1      | 0 ||| qw: Version: 0.3-a-46-gb1f654a
     0 | D:1      | 0 ||| qw: Game counter: 1595
     0 | D:1      | 0 ||| qw: Melee chars always use a shield: true
     0 | D:1      | 0 ||| qw: God list: Okawaru
     0 | D:1      | 0 ||| qw: Allow faded altars: false
     0 | D:1      | 0 ||| qw: Do Orc after clearing Dungeon:15 true
     0 | D:1      | 0 ||| qw: Do second Lair branch before Depths: true
     0 | D:1      | 0 ||| qw: Lair rune preference: random
     0 | D:1      | 0 ||| qw: Goals: Normal
     0 | D:1      | 0 ||| PLANNING D:1-11
   376 | D:1      | Reached skill level 3 in Ranged Weapons
   376 | D:1      | Reached XP level 2. HP: 23/23 MP: 2/2
   732 | D:1      | 732 ||| READING 3 scrolls labelled TAYNE SOC FYARGH.
   733 | D:1      | 733 ||| READING scroll labelled INGEWE WANUI.
   834 | D:1      | 834 ||| DRINKING 2 bubbling purple potions.
   835 | D:1      | 835 ||| DROPPING 2 scrolls of noise.
   836 | D:1      | 836 ||| DROPPING scroll of poison.
   913 | D:2      | 913 ||| FLEEEEING.
   935 | D:2      | Identified the ring "Hofuwil" {rN+ SInv}
   994 | D:2      | Reached XP level 3. HP: 24/29 MP: 3/3
  1094 | D:2      | Reached skill level 4 in Ranged Weapons
  1173 | D:2      | Found a faded altar of an unknown god.
  1549 | D:2      | 1549 ||| UPGRADING to +0 cloak.
  1554 | D:2      | 1554 ||| UPGRADING to +0 ring mail.
  1564 | D:2      | 1564 ||| DROPPING +0 robe.
  1565 | D:2      | 1565 ||| UPGRADING to ring "Hofuwil" {rN+ SInv}.
  1566 | D:2      | 1566 ||| READING scroll labelled LAIMINO MIADAT.
  1566 | D:2      | Identified a scroll of acquirement
  1566 | D:2      | 1566 ||| ACQUIRING +8 orcbow of the Glimmering Seer
                  | {freeze, rPois Will+ Int+5}
  1566 | D:2      | Acquired the +8 orcbow of the Glimmering Seer {freeze,
                  | rPois Will+ Int+5}
  1568 | D:2      | 1568 ||| SWAPPING to +8 orcbow of the Glimmering Seer
                  | {freeze, rPois Will+ Int+5}.
  1569 | D:2      | 1569 ||| DROPPING +1 sling.
  1570 | D:2      | 1570 ||| READING 3 scrolls labelled ITZETUO POBIUGH.
  1571 | D:2      | 1571 ||| DRINKING 3 glowing dark potions.
  1572 | D:2      | 1572 ||| DRINKING 2 dark potions.
  1573 | D:2      | 1573 ||| READING 2 scrolls of identify.
  1573 | D:2      | 1573 ||| IDENTIFYING puce potion
  1574 | D:2      | 1574 ||| DROPPING potion of invisibility.
  1635 | D:3      | Reached skill level 1 in Armour
  1635 | D:3      | Reached XP level 4. HP: 36/36 MP: 4/4
  2011 | D:3      | Reached skill level 5 in Ranged Weapons
  2022 | D:3      | Reached skill level 3 in Fighting
  2022 | D:3      | Reached XP level 5. HP: 40/45 MP: 5/5
  2188 | D:3      | 2188 ||| UPGRADING to amulet of the acrobat.
  2193 | D:3      | 2193 ||| READING 2 scrolls of identify.
  2193 | D:3      | 2193 ||| IDENTIFYING ruby potion
  2276 | D:4      | Reached skill level 6 in Ranged Weapons
  2402 | D:4      | Noticed Edmund
  2414 | D:4      | HP: 9/45 [Edmund/+0 flail of venom (6)]
  2415 | D:4      | Killed Edmund
  2416 | D:4      | Reached XP level 6. HP: 8/53 MP: 6/6
  2419 | D:4      | HP: 5/53 [poisoned by Edmund]
  2612 | D:4      | Noticed Eustachio
  2622 | D:4      | Killed Eustachio
  2623 | D:4      | Reached skill level 7 in Ranged Weapons
  2702 | D:4      | Found a bloodstained altar of Trog.
  2713 | D:4      | Noticed Robin
  2714 | D:4      | 2714 ||| Stepping ~*~*~tactically~*~*~ (outnumbered).
  2719 | D:4      | 2719 ||| Stepping ~*~*~tactically~*~*~ (outnumbered).
  2720 | D:4      | Reached XP level 7. HP: 57/60 MP: 7/7
  2721 | D:4      | 2721 ||| Stepping ~*~*~tactically~*~*~ (outnumbered).
  2723 | D:4      | Killed Robin
  2737 | D:4      | 2737 ||| FLEEEEING.
  2739 | D:4      | 2739 ||| FLEEEEING.
  2740 | D:4      | 2740 ||| STAIRDANCE
  3250 | D:4      | Found an iron altar of Okawaru.
  3251 | D:4      | 3251 ||| PLANNING OKAWARU WORSHIP
  3251 | D:4      | 3251 ||| READING scroll labelled UNOCRYCUVI.
  3273 | D:4      | Became a worshipper of Warmaster Okawaru
  3274 | D:4      | 3274 ||| PLANNING D:1-11
  3315 | D:5      | Entered Level 5 of the Dungeon
  3335 | D:5      | Reached skill level 8 in Ranged Weapons
  3469 | D:5      | Reached skill level 3 in Armour
  3617 | D:5      | Reached XP level 8. HP: 68/68 MP: 8/8
  3636 | D:5      | Found a staircase to the Ecumenical Temple.
  3641 | D:5      | Noticed Ijyb
  3651 | D:5      | Killed Ijyb
  3726 | D:5      | Noticed Pikel
  3736 | D:5      | Killed Pikel
  3736 | D:5      | Reached * piety under Okawaru
  3737 | D:5      | Reached skill level 10 in Ranged Weapons
  4058 | D:5      | Noticed Duvessa
  4058 | D:5      | Noticed Dowan
  4059 | D:5      | 4059 ||| INVOKING Heroism.
  4060 | D:5      | Killed Dowan
  4061 | D:5      | Reached skill level 1 in Invocations
  4069 | D:5      | HP: 14/68 [Duvessa/+0 short sword (7)]
  4070 | D:5      | 4070 ||| DRINKING 3 potions of heal wounds.
  4072 | D:5      | 4072 ||| DRINKING 2 potions of heal wounds.
  4073 | D:5      | 4073 ||| INVOKING Heroism.
  4074 | D:5      | 4074 ||| INVOKING Heroism.
  4074 | D:5      | HP: 10/68 [Duvessa/+0 short sword (13)]
  4075 | D:5      | 4075 ||| DRINKING potion of heal wounds.
  4076 | D:5      | Killed Duvessa
  4077 | D:5      | Reached skill level 3 in Dodging
  4268 | D:5      | 4268 ||| READING scroll labelled DOELLU UTENWU.
  4269 | D:5      | 4269 ||| READING 3 scrolls of identify.
  4269 | D:5      | 4269 ||| IDENTIFYING blue potion
  4270 | D:5      | 4270 ||| READING 2 scrolls of identify.
  4270 | D:5      | 4270 ||| IDENTIFYING yellow potion
  4271 | D:5      | 4271 ||| DROPPING potion of ambrosia.
  4311 | D:6      | 4311 ||| Stepping ~*~*~tactically~*~*~ (outnumbered).
  4317 | D:6      | 4317 ||| Stepping ~*~*~tactically~*~*~ (outnumbered).
  4318 | D:6      | 4318 ||| INVOKING Heroism.
  4408 | D:6      | 4408 ||| INVOKING Heroism.
  4415 | D:6      | Reached skill level 6 in Fighting
  4415 | D:6      | Reached skill level 3 in Invocations
  4415 | D:6      | Reached XP level 9. HP: 75/75 MP: 7/10
  4521 | D:6      | 4521 ||| INVOKING Heroism.
  4782 | D:6      | Found a white marble altar of Elyvilon.
  4793 | D:6      | Found a sacrificial altar of Ru.
  4854 | D:6      | Reached ** piety under Okawaru
  4917 | D:6      | Reached skill level 11 in Ranged Weapons
  5105 | D:6      | Noticed Prince Ribbit
  5106 | D:6      | 5106 ||| INVOKING Heroism.
  5111 | D:6      | 5111 ||| UPGRADING to +0 pair of boots.
  5117 | D:6      | Killed Prince Ribbit
  5176 | D:6      | 5176 ||| INVOKING Heroism.
  5247 | D:6      | 5247 ||| INVOKING Heroism.
  5301 | D:6      | 5301 ||| INVOKING Heroism.
  5304 | D:6      | Reached skill level 12 in Ranged Weapons
  5371 | D:6      | 5371 ||| INVOKING Heroism.
  5520 | D:6      | Found a runed translucent door.
  5521 | D:6      | Noticed Crazy Yiuf
  5669 | D:6      | 5669 ||| READING scroll labelled VOT TAFEUN.
  5670 | D:6      | 5670 ||| READING scroll labelled MIL TAHAZATUT.
  5671 | D:6      | 5671 ||| READING 2 scrolls of identify.
  5671 | D:6      | 5671 ||| IDENTIFYING sapphire potion
  5803 | D:7      | 5803 ||| INVOKING Heroism.
  5806 | D:7      | 5806 ||| Stepping ~*~*~tactically~*~*~ (outnumbered).
  5858 | D:7      | Noticed Menkaure
  5859 | D:7      | 5859 ||| INVOKING Heroism.
  5863 | D:7      | Killed Menkaure
  5864 | D:7      | Reached XP level 10. HP: 88/88 MP: 9/12
  5937 | D:7      | Found Offaotap's Assorted Antiques.
  5943 | D:7      | 5943 ||| BUYING 2 scrolls labelled DUCUHI BARIMAH (42
                  | gold).
  5943 | D:7      | Bought 2 scrolls labelled DUCUHI BARIMAH for 42 gold pieces
  5943 | D:7      | 5943 ||| BUYING garnet-encrusted ring mail (189 gold).
  5943 | D:7      | Bought a garnet-encrusted ring mail for 189 gold pieces
  5943 | D:7      | Identified the +0 ring mail "Bamuh" {Fly Int+4} (You bought
                  | it in a shop on level 7 of the Dungeon)
  5943 | D:7      | 5943 ||| BUYING glass wand (84 gold).
  5943 | D:7      | Bought a glass wand for 84 gold pieces
  5943 | D:7      | 5943 ||| SHOPLISTING quicksilver dragon scales (1260 gold,
                  | have 96).
  5943 | D:7      | 5943 ||| BUYING red potion (18 gold).
  5943 | D:7      | Bought a red potion for 18 gold pieces
  5943 | D:7      | 5943 ||| BUYING scroll labelled CYSHRA VYUTTOAM (21 gold).
  5943 | D:7      | Bought a scroll labelled CYSHRA VYUTTOAM for 21 gold pieces
  5981 | D:7      | Noticed a deep elf pyromancer
  5981 | D:7      | Noticed a white ugly thing
  5981 | D:7      | Noticed a cyclops
  5981 | D:7      | Noticed a cyclops
  5982 | D:7      | 5982 ||| Stepping ~*~*~tactically~*~*~ (outnumbered).
  5985 | D:7      | 5985 ||| Stepping ~*~*~tactically~*~*~ (outnumbered).
  5986 | D:7      | Killed a deep elf pyromancer
  5989 | D:7      | 5989 ||| INVOKING Heroism.
  5997 | D:7      | HP: 18/88 [white ugly thing (7)]
  5997 | D:7      | Mangled by a white ugly thing

Levels and vault maps discovered:
D:1:      dpeg_arrival_boxorama, layout_loops_ring, minmay_tetromino_l2
D:2:      layout_loops_ring, shapermc_ecumenical_altar_venn
D:3:      layout_loops_ring
D:4:      layout_basic, trog_antimagical,
          hellmonk_okawaru_the_only_friend_you_need, uniq_robin, uniq_eustachio,
          uniq_edmund
D:5:      layout_loops_ring, minmay_temple_entry_purple_smoke, uniq_ijyb,
          uniq_pikel, uniq_duvessa
D:6:      minmay_thinvault, layout_cave_pods,
          mainiacjoe_overflow_catch_the_wave, serial_bayou_ford_a,
          uniq_prince_ribbit1, uniq_crazy_yiuf_cottage
D:7:      minmay_the_grid_octo_triangle [minmay_the_grid_octo_fat_diamond,
          minmay_the_grid_octo_prize_big_c, minmay_the_grid_octo_clover_2],
          layout_cave_pools, serial_shops, shop, eino_tiny_chamber,
          kennysheep_minor_cross, minmay_misc_feat_diagonals, minivault_10,
          uniq_menkaure

Skill      XL: |  1  2  3  4  5  6  7  8  9 10 |
---------------+-------------------------------+-----
Ranged Weapons | 3 4 5 6 7 8 10 12 | 12.0
Fighting       | 2 3 4 5 6 8 |  8.0
Armour         | 1 3 4 |  4.0
Invocations    | 3 4 |  4.1
Dodging        | 3 4 5 |  5.7
Spellcasting   | |  1.0
Hexes          | |  2.0

Action                     |  1- 3 |  4- 6 |  7- 9 | 10-12 || total
---------------------------+-------+-------+-------+-------++-------
   Fire: Sling             |    95 |       |       |       ||    95
         Orcbow            |     5 |    89 |   247 |    13 ||   354
 Invoke: Heroism           |       |       |    12 |     1 ||    13
    Use: Scroll            |     5 |     1 |     7 |       ||    13
         Potion            |     3 |       |     3 |       ||     6
 Armour: Robe              |     6 |       |       |       ||     6
         Ring mail         |       |    25 |    24 |     1 ||    50
  Dodge: Dodged            |    32 |    25 |    81 |     4 ||   142

Table legend:
 A = Non-vault XP
 B = Vault XP
 C = Vault XP percentage of total XP
 D = Non-vault monster count
 E = Vault monster count
 F = Vault count percentage of total count
                 A         B        C        D         E       F
            +---------+---------+-------+---------+---------+-------
      Total |    2300 |    3910 |  63.0 |     117 |      51 |  30.4
            +---------+---------+-------+---------+---------+-------
        D:1 |      19 |       1 |   5.0 |      11 |       1 |   8.3
        D:2 |      65 |       0 |   0.0 |      20 |       0 |   0.0
        D:3 |     147 |       0 |   0.0 |      23 |       0 |   0.0
        D:4 |     310 |     409 |  56.9 |      16 |      17 |  51.5
        D:5 |     617 |     885 |  58.9 |      15 |       4 |  21.1
        D:6 |    1017 |    1490 |  59.4 |      30 |      22 |  42.3
        D:7 |     125 |    1125 |  90.0 |       2 |       7 |  77.8
            +---------+---------+-------+---------+---------+-------
